 Dungeon Crawl Stone Soup version 0.17-a0-1853-ge1bd2c8 (webtiles) character file.

632 Enish the Magician (level 7, 0/32 HPs)
             Began as a Vine Stalker Necromancer on Sept 20, 2015.
             Was an Initiate of Dithmenos.
             Succumbed to Shredu92's ghost's poison
             ... on level 5 of the Dungeon.
             The game lasted 00:21:36 (4421 turns).

Enish the Magician (Vine Stalker Necromancer)       Turns: 4421, Time: 00:21:36

Health: 0/32       AC:  3    Str: 11 (13) XL:     7   Next: 49%
Magic:  18/18      EV: 17    Int: 17      God:    Dithmenos [......]
Gold:   242        SH:  0    Dex: 20      Spells: 4 memorised, 11 levels left

rFire  . . .     SeeInvis .     b - +1 hunting sling
rCold  . . .     Clarity  .     j - +0 robe {MR+}
rNeg   . . .     SustAt   .     (no shield)
rPois  .         Gourm    .     y - +0 hat
rElec  .         Spirit   +     (no cloak)
rCorr  .         Warding  .     A - +0 pair of gloves
rMut   .         Stasis   .     (no boots)
MR     +....                    (no amulet)
Stlth  +++.......               (no ring)
                                r - +3 ring of strength

@: agile, lethally poisoned (0 -> 0), very slightly contaminated, somewhat
resistant to hostile enchantments, fairly stealthy
A: fangs 2, regeneration 2, magic shield, antimagic bite, no device heal 3, rot
immunity
a: Renounce Religion


You were on level 5 of the Dungeon.
You worshipped Dithmenos.
Dithmenos was noncommittal.
You were not hungry.

You visited 2 branches of the dungeon, and saw 6 of its levels.

You collected 242 gold pieces.

Inventory:

Hand weapons
 a - a +0 hand axe
 b - a +1 hunting sling (weapon)
 J - a +0 spear
Missiles
 d - 2 tomahawks
 h - 26 sling bullets (quivered)
 i - 12 poisoned needles
 s - 154 stones
Armour
 j - a +0 robe of magic resistance (worn)
 k - a +0 robe
 y - a +0 hat (worn)
 A - a +0 pair of gloves (worn)
Jewellery
 r - a +3 ring of strength (left hand)
Magical devices
 K - a wand of frost (48)
 N - a wand of digging (11)
Scrolls
 f - a scroll of amnesia
 g - a scroll of blinking
 v - a scroll of teleportation
 w - 2 scrolls of remove curse
Potions
 e - 2 potions of heal wounds
 l - 2 potions of agility
 n - 2 potions of lignification
 z - a potion of haste {unknown}
 B - a potion of resistance {unknown}
 D - a potion of invisibility {unknown}
 F - a potion of curing {unknown}
 H - a potion of flight {unknown}
Books
 p - a book of Necromancy

   Spells                             Type                      Level
   a - Pain                           Necromancy                   1
   b - Animate Skeleton               Necromancy                   1
   c - Vampiric Draining              Necromancy                   3
   d - Regeneration                   Charms/Necromancy            3
   e - Animate Dead                   Necromancy                   4
   f - Control Undead                 Necromancy                   4
 x - a book of Summonings

   Spells                             Type                      Level
   a - Recall                         Summoning/Translocation      3
   b - Aura of Abjuration             Summoning                    5
   c - Shadow Creatures               Summoning                    5
   d - Summon Demon                   Summoning                    5
   e - Summon Forest                  Summoning/Translocation      5
   f - Summon Mana Viper              Hexes/Summoning              5
Comestibles
 c - 5 bread rations
 t - a beef jerky
 E - 3 meat rations
 I - 3 fruits


   Skills:
 - Level 4.0 Slings
 - Level 1.5 Dodging
 - Level 2.4 Stealth
 * Level 6.6 Spellcasting
 - Level 4.0 Necromancy


You had 11 spell levels left.
You knew the following spells:

 Your Spells              Type           Power        Failure   Level  Hunger
a - Pain                  Necr           ###.         2%          1    None
b - Animate Skeleton      Necr           N/A          2%          1    None
c - Vampiric Draining     Necr           ###.......   10%         3    ##.....
d - Regeneration          Chrm/Necr      ##........   17%         3    ##.....


Dungeon Overview and Level Annotations

Branches:
Dungeon (5/15)             Temple (1/1) D:4

Altars:
Cheibriados
Dithmenos
Elyvilon
Fedhas
Kikubaaqudgha
Nemelex Xobeh
Okawaru
Qazlal
Ru
Sif Muna
Xom
Yredelemnul
Zin
The Shining One

Annotations:
D:5 Shredu92's ghost, average DsAK


Innate Abilities, Weirdness & Mutations

You have extremely sharp teeth.
You heal very quickly.
When hurt, damage is shared between your health and your magic reserves.
Your bite disrupts and absorbs the magic of your enemies.
Potions and wands cannot restore your health.
You are immune to rotting.


Message History

You feel sick.
* * * LOW HITPOINT WARNING * * *
You feel sick.
Drink which item? (? for menu, Esc to quit)
It was a potion of degeneration.
There was something very wrong with that liquid.
You feel weakened.
* * * LOW HITPOINT WARNING * * *
You feel sick.
Drink which item? (? for menu, Esc to quit)
It was a potion of ambrosia.
You are confused.
You feel invigorated.
* * * LOW HITPOINT WARNING * * *
You feel sick.
* * * LOW HITPOINT WARNING * * *
You feel sick.
You feel less invigorated.
You feel less confused.
You die...

#..# ####...###### #..#
#(..(..(....# ##..#
#.##...####(# ....# ###
#.(.# #.# ##.## ..
......# #W# ##.#
.##.###.[# #.#
##.######.##.# ...# #.#
##......($...#.#.## #.#
##.†#####.#..#.#@#####.#
##..# .# # #..W....#
#...# .# ######..# ###
#.#.# ..
..(......########..
#.#.# ..
..((....†.........#
#.#.# .#.
#######.##.####.###
#.#.# ##. #.##.# #.#
#.#.# #.##.# #.# ..##.#
#.###


You could see Shredu92's ghost.

Vanquished Creatures
  Sigmund (D:3)
  A centaur (D:5)
  An ogre (D:5)
  A scorpion (D:5)
  A hound (D:4)
  3 orc wizards
  7 adders
  A shadow imp (D:5)
  2 worms (D:2)
  10 orcs
  3 giant cockroaches
  4 goblins
  7 hobgoblins
  5 jackals
  2 quokkas
  6 bats
  3 giant geckos
  4 giant newts
  A jackal zombie (D:3)
  2 kobolds
  8 rats
73 creatures vanquished.

Vanquished Creatures (others)
  A giant frog skeleton (D:3)
  An orc (D:3)
  2 quokkas (D:3)
4 creatures vanquished.

Grand Total: 77 creatures vanquished

Notes
Turn   | Place    | Note
--------------------------------------------------------------
     0 | D:1      | Enish the Vine Stalker Necromancer began the quest for the Orb.
     0 | D:1      | Reached XP level 1. HP: 9/9 MP: 4/4
   278 | D:1      | Reached XP level 2. HP: 13/13 MP: 4/6
   858 | D:1      | Learned a level 1 spell: Animate Skeleton
   993 | D:2      | Reached XP level 3. HP: 13/16 MP: 5/9
  1042 | D:2      | Learned a level 3 spell: Vampiric Draining
  1046 | D:2      | Learned a level 3 spell: Regeneration
  1456 | D:2      | Reached XP level 4. HP: 15/21 MP: 4/11
  1491 | D:2      | Reached skill level 1 in Slings
  1938 | D:3      | Found a runed door.
  1938 | D:3      | Noticed a human
  1949 | D:3      | Found a basalt altar of Yredelemnul.
  2457 | D:3      | Noticed Sigmund
  2473 | D:3      | Killed Sigmund
  2473 | D:3      | Reached skill level 5 in Spellcasting
  2473 | D:3      | Reached XP level 5. HP: 13/24 MP: 0/13
  2473 | D:3      | Gained mutation: You heal very quickly. [Vine Stalker growth]
  2473 | D:3      | Reached XP level 6. HP: 15/28 MP: 0/14
  2491 | D:3      | Found a faded altar to an unknown god.
  3157 | D:4      | Found a staircase to the Ecumenical Temple.
  3170 | Temple   | Entered the Ecumenical Temple
  3504 | Temple   | Became a worshipper of Dithmenos the Shadowed
  3969 | D:5      | Entered Level 5 of the Dungeon
  4124 | D:5      | Reached XP level 7. HP: 30/32 MP: 12/16
  4132 | D:5      | Noticed Shredu92's ghost (average DsAK)
  4165 | D:5      | Reached skill level 6 in Spellcasting
  4417 | D:5      | HP: 1/32 [poisoned by Shredu92's ghost]
  4421 | D:5      | Succumbed to Shredu92's ghost's poison

Vault maps used:
D:1:      elethiomel_arrival_quiet, corexii_hall_statues_deadend,
          minmay_quantized
D:3:      ecumenical_altar_2, dk_yredelemnul_ordeal, uniq_sigmund
D:4:      temple_statues
D:5:      lemuel_upstairs_altar, first_bread, uniq_menkaure
Temple:   minmay_temple_curvy_14

Action                   |  1- 3 |  4- 6 |  7- 9 || total
-------------------------+-------+-------+-------++-------
Melee: Unarmed           |     5 |       |       ||     5
       Hand axe          |     6 |       |       ||     6
 Fire: Hunting sling     |    22 |    91 |    34 ||   147
 Cast: Pain              |    62 |    47 |     9 ||   118
       Vampiric Draining |     1 |     6 |     2 ||     9
  Use: Scroll            |     3 |     9 |     1 ||    13
       Potion            |       |     1 |     3 ||     4
  Eat: Chunk             |     2 |     8 |     1 ||    11
